 Dungeon Crawl Stone Soup version 0.28.0-47-ge53b351184 (webtiles) character file.

Game seed: 1951533391152486476

540 Exodus22XD the Chopper (level 7, 0/61 HPs)
             Began as a Minotaur Fighter on May 8, 2022.
             Slain by a quasit (1 damage)
             ... summoned by Eustachio
             ... on level 4 of the Dungeon.
             The game lasted 00:03:59 (2524 turns).

Exodus22XD the Chopper (Minotaur Fighter)           Turns: 2524, Time: 00:04:00

Health: 0/61       AC:  0    Str: 22      XL:     7   Next: 5%
Magic:  0/6        EV: 13    Int:  5      God:
Gold:   134        SH:  0    Dex:  4 (10) Spells: 6/6 levels left

rFire   . . .      SeeInvis .   (weapon currently unavailable)
rCold   . . .      Faith    .   (shield currently unavailable)
rNeg    . . .      Spirit   +   (armour currently unavailable)
rPois   .          Reflect  .   (helmet currently unavailable)
rElec   .          Harm     .   (cloak currently unavailable)
rCorr   .          Rampage  .   (gloves currently unavailable)
Will    .....                   (boots currently unavailable)
Stlth   +.........              h - amulet of guardian spirit
HPRegen 0.20/turn               (ring currently unavailable)
MPRegen 0.10/turn               (ring currently unavailable)

@: pig-form, very quick
A: fast, no casting, small, (horns 2), (retaliatory headbutt)
a: no special abilities


You were on level 4 of the Dungeon.
You were a filthy swine.
You visited 1 branch of the dungeon, and saw 4 of its levels.

You collected 134 gold pieces.

Inventory:

Hand Weapons
 a - a +0 war axe (melded)
Armour
 b - a +0 scale mail (melded)
 c - a +0 buckler (melded)
 o - a +2 pair of gloves (melded)
Jewellery
 h - an amulet of guardian spirit (around neck)
 k - a +6 ring of dexterity (melded)
 n - a +4 ring of protection (melded)
 p - a ring of fire
Scrolls
 f - 3 scrolls of enchant armour {unknown}
 g - 3 scrolls of teleportation {unknown}
 i - 2 scrolls of identify {unknown}
 j - a scroll of enchant weapon {unknown}
 m - a scroll of fog {unknown}
Potions
 d - a potion of might
 e - 2 potions of brilliance {unknown}
 l - a potion of curing {unknown}
 q - a potion of invisibility {unknown}


   Skills:
 + Level 5.0 Fighting
 + Level 6.9 Axes
 + Level 5.6 Armour
 + Level 4.4 Shields


You had 6 spell levels left.
You didn't know any spells.
Your spell library contained the following spells:

 Spells                   Type           Power      Damage    Failure   Level
 Inner Flame              Hex/Fire       0%         N/A       85%         3
 Ozocubu's Armour         Ice            0%         N/A       85%         3
 Cause Fear               Hex            0%         N/A       99%         4
 Ozocubu's Refrigeration  Ice            0%         4d5       100%        7
 Discord                  Hex            0%         N/A       100%        8


Dungeon Overview and Level Annotations

Branches:
Dungeon (4/15)
 Temple: D:4-7

Altars:

Annotations:
D:4 Eustachio


Innate Abilities, Weirdness & Mutations

You are a filthy swine.
You move quickly.
Your equipment is almost entirely melded.
You are incapable of wielding weapons or throwing items.
You cannot cast spells.
((You have a pair of horns on your head.))
((You reflexively headbutt those who attack you in melee.))


Message History

You closely miss the quasit. The quasit misses you. The quasit claws you.
The quasit barely misses you.
Eustachio casts a spell.
You closely miss the quasit. The quasit bites you. The quasit claws you. x2
You feel clumsy. Eustachio hits you with a +0 rapier.
The quasit barely misses you. x3
You barely miss Eustachio.
Eustachio is moderately wounded.
Eustachio misses you. The quasit bites you. The quasit misses you.
The quasit claws you.
You feel clumsy.
Okay, then.
Okay, then.
You hit the quasit.
The quasit is lightly wounded.
The quasit barely misses you. The quasit completely misses you.
The quasit claws you. Eustachio hits you with a +0 rapier.
* * * LOW HITPOINT WARNING * * *
You closely miss Eustachio.
Eustachio is moderately wounded.
The quasit bites you.
* * * LOW HITPOINT WARNING * * *
The quasit closely misses you. x2
Unknown command.
You miss the quasit.
The quasit is lightly wounded.
Eustachio closely misses you. The quasit bites you.
You feel clumsy. The quasit claws you.
* * * LOW HITPOINT WARNING * * *
The quasit claws you.
* * * LOW HITPOINT WARNING * * *
You closely miss Eustachio.
Eustachio is moderately wounded.
Eustachio hits you with a +0 rapier!
* * * LOW HITPOINT WARNING * * *
The quasit bites you.
* * * LOW HITPOINT WARNING * * *
The quasit misses you. The quasit claws you.
You die...

...#....###
.. +..).#
#....######
#....5).5@#
##.######.###
#(#........#
#.#.####.#.#
#. #.#5# #.
#.#h# #.#@#
#.#b# #.#r#
..#<# #####


You could see Eustachio, a quasit (summoned), a bat (summoned) and a rat
(summoned).

Vanquished Creatures
  Sigmund (D:2)
  A phantom (D:3)
  A bullfrog (D:3)
  A scorpion (D:4)
  A hound (D:3)
  An iguana (D:4)
  Ijyb (D:4)
  4 adders (D:2)
  2 worms (D:2)
  A dart slug (D:2)
  An orc (D:3)
  4 ball pythons
  5 bats
  7 endoplasms
  A giant cockroach (D:1)
  7 goblins
  4 hobgoblins
  2 jackals (D:4)
  12 kobolds
  4 quokkas
  2 frilled lizards (D:2)
  12 rats
75 creatures vanquished.

Vanquished Creatures (others)
  2 jackals (D:4)
2 creatures vanquished.

Grand Total: 77 creatures vanquished

Notes
Turn   | Place    | Note
-------+----------+-------------------------------------------
     0 | D:1      | Exodus22XD the Minotaur Fighter began the quest for the
                  | Orb.
     0 | D:1      | Reached XP level 1. HP: 19/19 MP: 0/0
    58 | D:1      | Reached XP level 2. HP: 27/27 MP: 1/1
   442 | D:2      | Reached XP level 3. HP: 33/33 MP: 2/2
   468 | D:2      | Reached skill level 3 in Axes
   818 | D:2      | Reached XP level 4. HP: 30/41 MP: 3/3
  1000 | D:2      | Noticed Sigmund
  1005 | D:2      | Killed Sigmund
  1006 | D:2      | Reached skill level 5 in Axes
  1006 | D:2      | Reached XP level 5. HP: 47/47 MP: 4/4
  1049 | D:3      | Noticed a phantom
  1115 | D:3      | Reached skill level 5 in Armour
  1115 | D:3      | Reached XP level 6. HP: 29/53 MP: 3/5
  1311 | D:3      | Found a faded altar of an unknown god.
  1388 | D:3      | Reached skill level 6 in Axes
  1994 | D:4      | Reached skill level 5 in Fighting
  2152 | D:4      | Noticed Eustachio
  2153 | D:4      | Noticed Ijyb
  2220 | D:4      | Reached XP level 7. HP: 41/61 MP: 6/6
  2229 | D:4      | Killed Ijyb
  2524 | D:4      | HP: 2/61 [Eustachio/+0 rapier (9)]
  2524 | D:4      | Slain by a quasit

Illustrated notes

Levels and vault maps discovered:
D:1:      dpeg_arrival_ratfight, layout_rooms, wad_floor_pattern_untrapped,
          minmay_bisected
D:2:      layout_basic, serial_glass, glass_columns_a, glass_columns_b,
          glass_columns_a, glass_columns_a, glass_columns_a, glass_columns_c,
          uniq_sigmund
D:3:      layout_loops_ring, hellmonk_ecumenical_altar_prayer_group
D:4:      kennysheep_kobold_camp, layout_basic, tso_oasis_becter, uniq_ijyb,
          uniq_eustachio

Skill      XL: |  1  2  3  4  5  6 |
---------------+-------------------+-----
Fighting       | 4 5 |  5.0
Armour         | 4 5 |  5.6
Shields        | 4 |  4.4
Axes           | 3 5 6 |  6.9

Action                   |  1- 3 |  4- 6 |  7- 9 || total
-------------------------+-------+-------+-------++-------
Melee: War axe           |    68 |    70 |    20 ||   158
       Headbutt          |     9 |    19 |     2 ||    30
       Unarmed           |       |     1 |    22 ||    23
Armor: Scale mail        |    32 |    25 |     2 ||    59
       Skin              |       |       |     5 ||     5
Dodge: Dodged            |    41 |    24 |    43 ||   108
Block: Buckler           |    14 |    15 |     2 ||    31
